SAAA
PORT ROYAL DISASTER @ CALGARY LYNX
09/14/2028
 
TOP OF THE 1ST
Port Royal Disaster batting - Pitching for Calgary Lynx : LHP Octávio Fernández
Pitching: LHP Octávio Fernández
Batting: LHB Ricky Payton 0-0: Fly out, F7 (Flyball, 7)
Batting: RHB Nelson Abbey 0-0: Called Strike
0-1: Ball
1-1: DOUBLE (Line Drive, 78D)
Batting: RHB Winston Sparks 0-0: Ball
1-0: Ball
2-0: Fly out, F7 (Flyball, 7S)
Batting: RHB Loren Stallings 0-0: Ball
1-0: Fly out, F7 (Line Drive, 7)
Top of the 1st over - 0 run(s), 1 hit(s), 0 error(s), 1 left on base; Port Royal 0 - Calgary 0
BOTTOM OF THE 1ST
Calgary Lynx batting - Pitching for Port Royal Disaster : RHP Bryan Boyd
Pitching: RHP Bryan Boyd
Batting: RHB Alan Bryan 0-0: DOUBLE (Popup, 4MD)
Pinch Runner at 2nd Lowell Moon:
Batting: RHB Taylor Landis 0-0: Called Strike
0-1: Ball
1-1: Ball
2-1: Called Strike
2-2: Ball
3-2: Foul Ball, location: 2F
3-2: Base on Balls
Batting: LHB Gustavo Cortéz 0-0: Called Strike
0-1: Ball
1-1: Foul Ball, location: 2F
1-2: Ground out 3-1 (Groundball, 34S)
Lowell Moon to third
Taylor Landis to second
Batting: RHB Jesús Martínez 0-0: Fly out, F8 (Flyball, 8LM)
Runner from 3rd tags up, SCORES, no throw
Batting: LHB José León 0-0: Ball
1-0: Swinging Strike
1-1: Ball
2-1: Ball
3-1: Called Strike
3-2: Foul Ball, location: 2F
3-2: Base on Balls
Batting: RHB Lytle Creek 0-0: Called Strike
0-1: Ball
1-1: Foul Ball, location: 2F
1-2: Ball
2-2: SINGLE (Flyball, 78S)
Taylor Landis to third
José León to second
Runner from 3rd tries for Home, SAFE, throw made at trailing runner, OUT at third!
Bottom of the 1st over - 2 run(s), 2 hit(s), 0 error(s), 1 left on base; Port Royal 0 - Calgary 2
TOP OF THE 2ND
Port Royal Disaster batting - Pitching for Calgary Lynx : LHP Octávio Fernández
Now in CF: Lowell Moon
Batting: RHB Jesús Vargas 0-0: Fly out, F6 (Popup, 6D)
Batting: RHB Brandon Cooper 0-0: Swinging Strike
0-1: Foul Ball, location: 2F
0-2: Ball
1-2: Ground out 5-3 (Groundball, 56)
Batting: LHB Bob Daugherty 0-0: Called Strike
0-1: Foul Ball, location: 2F
0-2: Fly out, F5 (Popup, 5)
Top of the 2nd over - 0 run(s), 0 hit(s), 0 error(s), 0 left on base; Port Royal 0 - Calgary 2
BOTTOM OF THE 2ND
Calgary Lynx batting - Pitching for Port Royal Disaster : RHP Bryan Boyd
Batting: LHB Daniel García 0-0: Ball
1-0: Foul Ball, location: 2F
1-1: Foul Ball, location: 2F
1-2: Ball
2-2: Ball
3-2: SINGLE (Groundball, 34D)
Batting: RHB Bass Reeves 0-0: SINGLE (Line Drive, 4D)
Daniel García to second
Runner from 2nd tries for 3rd, SAFE, throw made to third
Batting: RHB Michael Garrett 0-0: Called Strike
0-1: SINGLE (Line Drive, 4MD)
Daniel García scores
Bass Reeves to second
Batting: SHB Lowell Moon 0-0: Called Strike
0-1: Ball
1-1: Swinging Strike
1-2: Ball
2-2: Grounds into double play, 4-6-3 (Groundball, 4)
Bass Reeves to third
Batting: RHB Taylor Landis 0-0: Ball
1-0: Called Strike
1-1: Ball
2-1: Foul Ball, location: 2F
2-2: Strikes out swinging
Bottom of the 2nd over - 1 run(s), 3 hit(s), 0 error(s), 1 left on base; Port Royal 0 - Calgary 3
TOP OF THE 3RD
Port Royal Disaster batting - Pitching for Calgary Lynx : LHP Octávio Fernández
Batting: RHB Zach Lewis 0-0: Ground out 5-3 (Groundball, 56)
Batting: RHB Ronnie Cleveland 0-0: Ball
1-0: Ball
2-0: Called Strike
2-1: Ball
3-1: Base on Balls
Batting: LHB Ricky Payton 0-0: Ball
1-0: Swinging Strike
1-1: Swinging Strike
1-2: Ball
2-2: Ball
3-2: Base on Balls
Ronnie Cleveland to second
Batting: RHB Nelson Abbey 0-0: Swinging Strike
0-1: Ground out 6-3 (Groundball, 6S)
Ronnie Cleveland to third
Ricky Payton to second
Batting: RHB Winston Sparks 0-0: Called Strike
0-1: Fly out, F9 (Flyball, 9)
Top of the 3rd over - 0 run(s), 0 hit(s), 0 error(s), 2 left on base; Port Royal 0 - Calgary 3
BOTTOM OF THE 3RD
Calgary Lynx batting - Pitching for Port Royal Disaster : RHP Bryan Boyd
Batting: LHB Gustavo Cortéz 0-0: Ball
1-0: Called Strike
1-1: Fly out, F6 (Popup, 6D)
Batting: RHB Jesús Martínez 0-0: Foul Ball, location: 2F
0-1: Ball
1-1: Called Strike
1-2: Ball
2-2: Strikes out swinging
Batting: LHB José León 0-0: Fly out, F7 (Flyball, 7LM)
Bottom of the 3rd over - 0 run(s), 0 hit(s), 0 error(s), 0 left on base; Port Royal 0 - Calgary 3
TOP OF THE 4TH
Port Royal Disaster batting - Pitching for Calgary Lynx : LHP Octávio Fernández
Batting: RHB Loren Stallings 0-0: Ball
1-0: Ball
2-0: Foul Ball, location: 2F
2-1: Swinging Strike
2-2: Foul Ball, location: 2F
2-2: Ball
3-2: Base on Balls
Batting: RHB Jesús Vargas 0-0: Ball
1-0: Called Strike
1-1: Ball
2-1: Fly out, F7 (Flyball, 7)
Batting: RHB Brandon Cooper 0-0: Ball
1-0: Ball
Loren Stallings steals 2nd base
2-0: Called Strike
2-1: Swinging Strike
2-2: Ball
3-2: Foul Ball, location: 2F
3-2: Ground out U3 (Groundball, 34)
Loren Stallings to third
Batting: LHB Bob Daugherty 0-0: Ball
1-0: Swinging Strike
1-1: SINGLE (Line Drive, 34)
Loren Stallings scores
Batting: RHB Zach Lewis 0-0: Called Strike
0-1: Swinging Strike
0-2: Ball
1-2: Foul Ball, location: 2F
1-2: Fly out, F8 (Flyball, 78M)
Top of the 4th over - 1 run(s), 1 hit(s), 0 error(s), 1 left on base; Port Royal 1 - Calgary 3
BOTTOM OF THE 4TH
Calgary Lynx batting - Pitching for Port Royal Disaster : RHP Bryan Boyd
Batting: RHB Lytle Creek 0-0: Foul Ball, location: 2F
0-1: Foul Ball, location: 2F
0-2: Strikes out swinging
Batting: LHB Daniel García 0-0: Swinging Strike
0-1: Ground out 4-3 (Groundball, 4)
Batting: RHB Bass Reeves 0-0: Foul Ball, location: 2F
0-1: Ball
1-1: Ball
2-1: Foul Ball, location: 2F
2-2: Ball
3-2: Strikes out swinging
Bottom of the 4th over - 0 run(s), 0 hit(s), 0 error(s), 0 left on base; Port Royal 1 - Calgary 3
TOP OF THE 5TH
Port Royal Disaster batting - Pitching for Calgary Lynx : LHP Octávio Fernández
Batting: RHB Ronnie Cleveland 0-0: Foul Ball, location: 2F
0-1: Ball
1-1: Ball
2-1: Ball
3-1: Ground out 5-3 (Groundball, 56)
Batting: LHB Ricky Payton 0-0: Called Strike
0-1: Foul Ball, location: 2F
0-2: Foul Ball, location: 2F
0-2: Fly out, F9 (Line Drive, 9S)
Batting: RHB Nelson Abbey 0-0: Called Strike
0-1: Ground out 5-3 (Groundball, 56)
Top of the 5th over - 0 run(s), 0 hit(s), 0 error(s), 0 left on base; Port Royal 1 - Calgary 3
BOTTOM OF THE 5TH
Calgary Lynx batting - Pitching for Port Royal Disaster : RHP Bryan Boyd
Batting: RHB Michael Garrett 0-0: Called Strike
0-1: Ball
1-1: Ball
2-1: Foul Ball, location: 2F
2-2: Strikes out looking
Batting: SHB Lowell Moon 0-0: Ball
1-0: Swinging Strike
1-1: Bunt for hit - play at first, batter OUT! 5-3
Batting: RHB Taylor Landis 0-0: Called Strike
0-1: SINGLE (Groundball, 6MD)
Batting: LHB Gustavo Cortéz 0-0: Ball
1-0: Called Strike
1-1: Called Strike
1-2: Fly out, F8 (Flyball, 78D)
Bottom of the 5th over - 0 run(s), 1 hit(s), 0 error(s), 1 left on base; Port Royal 1 - Calgary 3
TOP OF THE 6TH
Port Royal Disaster batting - Pitching for Calgary Lynx : LHP Octávio Fernández
Batting: RHB Winston Sparks 0-0: Ground out 6-3 (Groundball, 6M)
Batting: RHB Loren Stallings 0-0: Ball
1-0: Fly out, F8 (Flyball, 8RM)
Batting: RHB Jesús Vargas 0-0: Ball
1-0: Foul Ball, location: 2F
1-1: Ball
2-1: Foul Ball, location: 2F
2-2: Foul Ball, location: 2F
2-2: Ball
3-2: Strikes out looking
Top of the 6th over - 0 run(s), 0 hit(s), 0 error(s), 0 left on base; Port Royal 1 - Calgary 3
BOTTOM OF THE 6TH
Calgary Lynx batting - Pitching for Port Royal Disaster : RHP Bryan Boyd
Batting: RHB Jesús Martínez 0-0: Ball
1-0: Foul Ball, location: 2F
1-1: Swinging Strike
1-2: Ball
2-2: Strikes out swinging
Batting: LHB José León 0-0: Called Strike
0-1: Fly out, F8 (Flyball, 89D)
Batting: RHB Lytle Creek 0-0: Called Strike
0-1: Ball
1-1: Ball
2-1: DOUBLE (Flyball, 78XD)
Batting: LHB Daniel García 0-0: Called Strike
0-1: Ball
1-1: Called Strike
1-2: Ball
2-2: Foul Ball, location: 2F
2-2: SINGLE (Groundball, 56) (infield hit)
Lytle Creek to third
Batting: RHB Bass Reeves 0-0: Ball
1-0: Ball
2-0: Called Strike
2-1: Swinging Strike
2-2: SINGLE (Flyball, 7S)
Lytle Creek scores
Daniel García to second
Batting: RHB Michael Garrett 0-0: Swinging Strike
0-1: Ball
1-1: Ball
2-1: Ball
3-1: Foul Ball, location: 2F
3-2: Foul Ball, location: 2F
3-2: Base on Balls
Daniel García to third
Bass Reeves to second
Batting: SHB Lowell Moon 0-0: Ball
1-0: Reached on error, E1 (Groundball, P)
Daniel García scores
Bass Reeves to third
Michael Garrett to second
Batting: RHB Taylor Landis 0-0: Fly out, F4 (Line Drive, 4)
Bottom of the 6th over - 2 run(s), 3 hit(s), 1 error(s), 3 left on base; Port Royal 1 - Calgary 5
TOP OF THE 7TH
Port Royal Disaster batting - Pitching for Calgary Lynx : LHP Octávio Fernández
Batting: RHB Brandon Cooper 0-0: Called Strike
0-1: Ball
1-1: Called Strike
1-2: Ball
2-2: Ground out 5-3 (Groundball, 56S)
Batting: LHB Bob Daugherty 0-0: Called Strike
0-1: Swinging Strike
0-2: Ball
1-2: Ball
2-2: Strikes out swinging
Batting: RHB Zach Lewis 0-0: Foul Ball, location: 2F
0-1: Swinging Strike
0-2: Ball
1-2: Ball
2-2: Ball
3-2: Ground out 5-3 (Groundball, 56S)
Top of the 7th over - 0 run(s), 0 hit(s), 0 error(s), 0 left on base; Port Royal 1 - Calgary 5
BOTTOM OF THE 7TH
Calgary Lynx batting - Pitching for Port Royal Disaster : RHP Bryan Boyd
Pitching: RHP Miguel Hernández
Batting: LHB Gustavo Cortéz 0-0: Ball
1-0: Foul Ball, location: 2F
1-1: Ball
2-1: Foul Ball, location: 2F
2-2: Ball
3-2: Foul Ball, location: 2F
3-2: Base on Balls
Batting: RHB Jesús Martínez 0-0: Ball
1-0: Ball
2-0: Ball
3-0: Called Strike
3-1: Swinging Strike
3-2: Strikes out swinging
Batting: LHB José León 0-0: Ball
1-0: Ball
2-0: Called Strike
2-1: Swinging Strike
2-2: DOUBLE (Line Drive, 9LM)
Gustavo Cortéz to third
Batting: RHB Lytle Creek 0-0: Ball
1-0: Ground out 5-3 (Groundball, 5)
Batting: LHB Daniel García 0-0: Ball
1-0: Called Strike
1-1: Ball
2-1: Ball
3-1: Base on Balls
Batting: RHB Bass Reeves 0-0: Fly out, F5 (Popup, 5)
Bottom of the 7th over - 0 run(s), 1 hit(s), 0 error(s), 3 left on base; Port Royal 1 - Calgary 5
TOP OF THE 8TH
Port Royal Disaster batting - Pitching for Calgary Lynx : LHP Octávio Fernández
Batting: RHB Ronnie Cleveland 0-0: Ball
1-0: SINGLE (Line Drive, 4MD)
Batting: LHB Ricky Payton 0-0: Foul Ball, location: 2F
0-1: Fly out, F2 (Popup, 13S)
Batting: RHB Nelson Abbey 0-0: Ball
1-0: Foul Ball, location: 2F
1-1: Fly out, F9 (Flyball, 9LS)
Batting: RHB Winston Sparks 0-0: Called Strike
0-1: Swinging Strike
0-2: Ball
1-2: Ball
2-2: Strikes out swinging
Top of the 8th over - 0 run(s), 1 hit(s), 0 error(s), 1 left on base; Port Royal 1 - Calgary 5
BOTTOM OF THE 8TH
Calgary Lynx batting - Pitching for Port Royal Disaster : RHP Miguel Hernández
Batting: RHB Michael Garrett 0-0: Fly out, F4 (Popup, 4)
Batting: SHB Lowell Moon 0-0: Swinging Strike
0-1: Ball
1-1: Foul Ball, location: 2F
1-2: Strikes out swinging
Batting: RHB Taylor Landis 0-0: SOLO HOME RUN (Flyball, 7D), Distance : 391 ft
Batting: LHB Gustavo Cortéz 0-0: Ball
1-0: Ball
2-0: Swinging Strike
2-1: Ball
3-1: Base on Balls
Batting: RHB Jesús Martínez 0-0: Ball
1-0: Ball
2-0: Called Strike
2-1: Ball
3-1: Base on Balls
Gustavo Cortéz to second
Batting: LHB José León 0-0: Foul Ball, location: 2F
0-1: Swinging Strike
0-2: Ball
1-2: Ball
2-2: Foul Ball, location: 2F
2-2: Foul Ball, location: 2F
2-2: Strikes out swinging
Bottom of the 8th over - 1 run(s), 1 hit(s), 0 error(s), 2 left on base; Port Royal 1 - Calgary 6
TOP OF THE 9TH
Port Royal Disaster batting - Pitching for Calgary Lynx : LHP Octávio Fernández
Pitching: RHP Alfonso Vera
Batting: RHB Loren Stallings 0-0: Fly out, F6 (Line Drive, 6)
Batting: RHB Jesús Vargas 0-0: Called Strike
0-1: Swinging Strike
0-2: Ball
1-2: Ground out 5-3 (Groundball, 56)
Batting: RHB Brandon Cooper 0-0: Ball
1-0: Ball
2-0: Foul Ball, location: 2F
2-1: Foul Ball, location: 2F
2-2: Foul Ball, location: 2F
2-2: Strikes out swinging
Top of the 9th over - 0 run(s), 0 hit(s), 0 error(s), 0 left on base; Port Royal 1 - Calgary 6
Tuesday, September 5th, 2017 - OOTP Baseball 17.12 Build 75